 Dungeon Crawl Stone Soup version 0.24-a0-459-g225fefd530 (webtiles) character file.

Game seed: 7804758887907732917

616 Eitelfritz the Spear-Bearer (level 7, 0/82 HPs)
             Began as a Merfolk Gladiator on June 29, 2019.
             Slain by Pikel
             ... wielding a +0 whip of electrocution
              (3 damage)
             ... on level 4 of the Dungeon.
             The game lasted 00:12:26 (4035 turns).

Eitelfritz the Spear-Bearer (Merfolk Gladiator)     Turns: 4035, Time: 00:12:27

Health: 0/82       AC:  9    Str: 20    XL:     7   Next: 45%
Magic:  8/8        EV: 14    Int:  9    God:
Gold:   209        SH:  0    Dex: 15    Spells: 4/7 levels left

rFire    . . .     SeeInvis .   a - +0 trident
rCold    . . .     Gourm    .   (no shield)
rNeg     . . .     Faith    .   b - +0 leather armour
rPois    .         Spirit   .   c - +1 helmet
rElec    .         Reflect  .   (no cloak)
rCorr    .         Harm     .   (no gloves)
MR       .....                  (no boots)
Stlth    ..........             (no amulet)
HPRegen  0.23/turn              w - +4 ring of protection
MPRegen  0.11/turn              (no ring)

@: berserking, drained, very quick
A: change form in water, swift swim, stealthy swim
a: no special abilities


You were on level 4 of the Dungeon.
You were not hungry.

You visited 1 branch of the dungeon, and saw 4 of its levels.

You collected 209 gold pieces.

Inventory:

Hand Weapons
 a - a +0 trident (weapon)
Missiles
 d - 3 throwing nets
 s - 27 poisoned darts (quivered)
Armour
 b - a +0 leather armour (worn)
 c - a +1 helmet (worn)
 l - a +0 scale mail
Jewellery
 w - a +4 ring of protection (left hand)
Scrolls
 i - 3 scrolls of noise {unknown}
 k - a scroll of magic mapping
 q - a scroll of remove curse
 t - 2 scrolls of enchant armour
Potions
 e - 4 potions of curing
 h - a potion of mutation {unknown}
 j - a potion of agility {unknown}
 o - 3 potions of haste
 u - a potion of resistance {unknown}
 z - a potion of magic {unknown}
 A - 2 potions of lignification
Comestibles
 f - 10 rations
 g - 2 chunks of flesh


   Skills:
 + Level 4.5(3.7) Fighting
 + Level 8.7(7.9) Polearms
 + Level 2.0(1.3) Throwing
 + Level 2.1(1.4) Armour
 + Level 5.1(4.4) Dodging
 + Level 0.5(0.0) Stealth
 + Level 0.7(0.0) Spellcasting
 + Level 0.4(0.0) Hexes


You had 4 spell levels left.
You knew the following spells:

 Your Spells              Type           Power        Failure   Level  Hunger
a - Corona                Hex            #......      43%         1    ##.....
b - Ensorcelled Hibernat  Hex/Ice        #.....       56%         2    ###....

Your spell library contained the following spells:

 Spells                   Type           Power        Failure   Level  Hunger
 Confuse                  Hex            #.......     80%         3    ####...
 Dazzling Spray           Conj/Hex       #.....       80%         3    ####...
 Tukima's Dance           Hex            #.......     80%         3    ####...


Dungeon Overview and Level Annotations

Branches:
Dungeon (4/15)
 Temple: D:4-7

Altars:
Gozag

Annotations:
D:4 Pikel


Message History

You are electrocuted!
You puncture Pikel!
Pikel is heavily wounded.
The slave hits you but does no damage. The slave hits you.
Pikel closely misses you.
You hit Pikel.
Pikel is heavily wounded.
The slave barely misses you. x2
Pikel hits you with a +0 whip of electrocution.
You are electrocuted!
* * * LOW HITPOINT WARNING * * *
You hit Pikel but do no damage.
Pikel is heavily wounded.
The slave hits you.
* * * LOW HITPOINT WARNING * * *
The slave completely misses you.
A red film seems to cover your vision as you go berserk!
You feel yourself moving faster!
You feel mighty!
Pikel hits you with a +0 whip of electrocution.
You die...

### ###.## #....#
###....# #.
#).....#### #.###
###?...#..#
##.#.####.....ppp.#
#.>....)......pK@.#
.............###.##
..............####
..........##.#p.
..........#.##.K.
............. .p#
.............. ....
...##.......#. ...
...##.........


You could see Pikel and 4 slaves.

Vanquished Creatures
  Edmund (D:4)
  Menkaure (D:4)
  2 hounds
  2 orc wizards (D:4)
  A jelly (D:3)
  A worker ant (D:4)
  7 adders
  2 oozes
  A worm (D:3)
  5 dart slugs
  6 leopard geckos
  14 orcs
  11 bats
  4 giant cockroaches
  7 goblins
  9 hobgoblins
  8 jackals (D:1)
  7 kobolds
  4 quokkas
  3 frilled lizards
  A leopard gecko skeleton (D:4)
  9 rats
  A bush (D:1)
  A plant (D:1)
108 creatures vanquished.

Notes
Turn   | Place    | Note
-------+----------+-------------------------------------------
     0 | D:1      | Eitelfritz the Merfolk Gladiator began the quest for the
                  | Orb.
     0 | D:1      | Reached XP level 1. HP: 16/16 MP: 1/1
   130 | D:1      | Reached XP level 2. HP: 22/22 MP: 2/2
   183 | D:1      | Reached skill level 5 in Polearms
   350 | D:1      | Reached XP level 3. HP: 24/28 MP: 3/3
  1438 | D:2      | Reached XP level 4. HP: 29/34 MP: 4/4
  1494 | D:2      | Reached skill level 1 in Armour
  1642 | D:2      | Reached skill level 6 in Polearms
  2332 | D:3      | Reached XP level 5. HP: 12/41 MP: 5/5
  2679 | D:3      | Reached skill level 7 in Polearms
  2701 | D:3      | Reached XP level 6. HP: 28/47 MP: 6/6
  3060 | D:3      | Learned a level 1 spell: Corona
  3063 | D:3      | Learned a level 2 spell: Ensorcelled Hibernation
  3589 | D:4      | Noticed Menkaure
  3608 | D:4      | Killed Menkaure
  3608 | D:4      | Reached skill level 8 in Polearms
  3608 | D:4      | Reached skill level 5 in Dodging
  3798 | D:4      | Reached XP level 7. HP: 46/54 MP: 7/7
  3915 | D:4      | Found an opulent altar of Gozag.
  3916 | D:4      | Noticed Edmund
  3931 | D:4      | Killed Edmund
  4015 | D:4      | Noticed Pikel
  4034 | D:4      | HP: 2/55 [slave[Pikel] (4)]
  4035 | D:4      | Slain by Pikel

Levels and vault maps discovered:
D:1:      lemuel_arrival_behind_the_door_large, layout_basic, serial_forest,
          infiniplex_forest_zigzag_2, infiniplex_forest_clump_small,
          infiniplex_forest_lined_2, infiniplex_forest_corner_1,
          infiniplex_forest_clump_large, serial_park_tiny_1,
          minmay_misc_feat_doors
D:2:      layout_basic, minmay_pentomino_u4
D:3:      layout_basic, st_stairs_2
D:4:      cheibrodos_quashed, layout_cave_pools, minmay_misc_feat_pillars,
          grunt_gozag_statues, uniq_crazy_yiuf_cottage, uniq_pikel, uniq_edmund,
          uniq_menkaure

Skill      XL: |  1  2  3  4  5  6  7 |
---------------+----------------------+-----
Polearms       | 5 6 7 8 |  8.7
Armour         | 1 2 |  2.1
Fighting       | 3 4 |  4.5
Dodging        | 5 |  5.1
Throwing       | |  2.0
Stealth        | |  0.5
Spellcasting   | |  0.7
Hexes          | |  0.4

Action                   |  1- 3 |  4- 6 |  7- 9 || total
-------------------------+-------+-------+-------++-------
Melee: Trident           |   215 |   252 |    32 ||   499
 Cast: Corona            |       |     2 |       ||     2
  Use: Scroll            |       |    11 |       ||    11
       Potion            |       |     2 |     2 ||     4
  Eat: Ration            |     1 |       |       ||     1
       Chunk             |       |     6 |     1 ||     7
Armor: Leather armour    |    14 |    12 |     7 ||    33
       Scale mail        |    25 |    61 |       ||    86
Dodge: Dodged            |    82 |   149 |    18 ||   249

Table legend:
 A = Non-vault XP
 B = Vault XP
 C = Vault XP percentage of total XP
 D = Non-vault monster count
 E = Vault monster count
 F = Vault count percentage of total count
                 A         B        C        D         E       F
            +---------+---------+-------+---------+---------+-------
      Total |     518 |     362 |  41.1 |     100 |       6 |   5.7
            +---------+---------+-------+---------+---------+-------
        D:1 |      62 |       0 |   0.0 |      32 |       0 |   0.0
        D:2 |      65 |       3 |   4.4 |      23 |       2 |   8.0
        D:3 |     218 |      14 |   6.0 |      39 |       2 |   4.9
        D:4 |     173 |     345 |  66.6 |       6 |       2 |  25.0
            +---------+---------+-------+---------+---------+-------
